 Dungeon Crawl Stone Soup version 0.30-b1-2-g02819fbbbe (webtiles) character file.

Game seed: 16632173396870818665

73 sanka the Ducker (level 4, -25/38 HPs)
             Began as a Meteoran Hexslinger on May 9, 2023.
             Annihilated by an ogre
             ... wielding a +0 giant spiked club
              (29 damage)
             ... on level 4 of the Dungeon.
             The game lasted 00:06:09 (1412 turns).

sanka the Ducker (Meteoran Hexslinger)              Turns: 1412, Time: 00:06:10

Health: -25/38     AC:  5    Str: 11    XL:     4   Next: 81%
Magic:  7/7        EV: 14    Int: 15    God:
Gold:   185        SH:  0    Dex: 16    Spells: 4/5 levels left

rFire   . . .        a - +1 sling
rCold   . . .        (no shield)
rNeg    . . .        c - +0 robe
rPois   .            v - +0 helmet
rElec   .            k - +0 cloak
rCorr   .            s - +0 pair of gloves
SInv    .            (no boots)
Will    .....        (no amulet)
Stlth   +            (no ring)
HPRegen 0.26/turn    (no ring)
MPRegen 0.10/turn

%: no passive effects
@: glowing
A: sense surroundings 1, otherworldly, glowing, explore regen
a: no special abilities


You were on level 4 of the Dungeon.
You visited 1 branch of the dungeon, and saw 4 of its levels.

You collected 185 gold pieces.

Inventory:

Hand Weapons
 a - a +1 sling (weapon)
Armour
 c - a +0 robe (worn)
 k - a +0 cloak (worn)
 s - a +0 pair of gloves (worn)
 v - a +0 helmet (worn)
Jewellery
 i - a ring of poison resistance
 j - a ring of flight
Scrolls
 b - a scroll of poison {!r}
 d - a scroll of fear
 f - a scroll of immolation {!r}
 g - a scroll of torment {unknown}
 h - a scroll of enchant armour {unknown}
 l - 2 scrolls of identify {unknown}
 n - a scroll of amnesia
 p - a scroll of enchant weapon {unknown}
 q - a scroll of teleportation {unknown}
 t - a scroll of butterflies {unknown}
 u - a scroll of fog {unknown}
Potions
 e - a potion of curing {unknown}
 m - a potion of magic {unknown}
 o - a potion of flight {unknown}
 r - a potion of brilliance {unknown}


   Skills:
 + Level 3.1 Fighting
 - Level 2.1 Ranged Weapons
 + Level 4.1 Dodging
 - Level 1.3 Spellcasting
 - Level 3.6 Hexes


You had 4 spell levels left.
You knew the following spells:

 Your Spells              Type           Power      Damage    Failure   Level
a - Slow                  Hex            44%        N/A       5%          1

Your spell library contained the following spells:

 Spells                   Type           Power      Damage    Failure   Level
 Inner Flame              Hex/Fire       6%         N/A       34%         3
 Portal Projectile        Hex/Tloc       12%        N/A       34%         3
 Cause Fear               Hex            5%         N/A       47%         4
 Call Canine Familiar     Summ           1%         N/A       56%         3
 Leda's Liquefaction      Hex/Erth       3%         N/A       75%         4


Dungeon Overview and Level Annotations

Branches:
Dungeon (4/15) Zot: 942
 Temple: D:4-7

Altars:
Sif Muna


Innate Abilities, Weirdness & Mutations

You passively map a small area around you.
You are easily found by Zot.
You glow in the dark.
You regain HP and MP as you explore.


Message History

There is a stone staircase leading down here.
Found a whip.
Found a stone staircase leading up.
There is a stone staircase leading down here.
You climb downwards.
Found 2 stones.
There is a stone staircase leading up here.
Unknown command.
You shoot a sling bullet.
The sling bullet hits the endoplasm but does no damage.
You shoot a sling bullet. The sling bullet hits the endoplasm.
The endoplasm is moderately wounded.
You shoot a sling bullet. The sling bullet hits the endoplasm.
You kill the endoplasm!
No target in view!
No target in view!
Found an escape hatch in the floor.
An ogre comes into view. It is wielding a +0 giant spiked club.
The ogre shouts!
You hear a shout!
You shoot a sling bullet. The sling bullet hits the ogre.
The ogre is moderately wounded.
You shoot a sling bullet.
The sling bullet hits the ogre but does no damage.
The ogre is moderately wounded.
You shoot a sling bullet. The sling bullet hits the ogre.
The ogre is moderately wounded.
The ogre hits you with a +0 giant spiked club!!
Ouch! That really hurt!
An orc comes into view. It is wielding a +0 mace.
You are too injured to fight recklessly!
You are too injured to fight recklessly!
You shoot a sling bullet. The sling bullet hits the ogre.
The ogre is moderately wounded.
The ogre hits you with a +0 giant spiked club!
* * * LOW HITPOINT WARNING * * *
You shoot a sling bullet. The sling bullet hits the ogre.
The ogre is heavily wounded.
The ogre hits you with a +0 giant spiked club!!
Ouch! That really hurt!
You die...

###### .....# (....#
############ .....# ###
#...@O.o...#
.....####.###.########.#
..............#
....###.....### ....#
##...## * ..<.# ##.##
##### #># #.# , *#+# , ,


You could see an ogre and an orc.

Vanquished Creatures
  An adder (D:3)
  A worm (D:2)
  2 dart slugs (D:2)
  2 bats
  3 endoplasms
  A giant cockroach (D:3)
  5 goblins
  5 hobgoblins
  7 jackals
  4 kobolds
  A quokka (D:1)
  4 ball pythons
  4 frilled lizards
  15 rats
55 creatures vanquished.

Notes
Turn   | Place    | Note
-------+----------+-------------------------------------------
     0 | D:1      | sanka the Meteoran Hexslinger began the quest for the Orb.
     0 | D:1      | Reached XP level 1. HP: 16/16 MP: 3/3
    52 | D:1      | Reached XP level 2. HP: 21/23 MP: 5/5
    90 | D:1      | Reached skill level 3 in Dodging
   210 | D:1      | You fall into a shaft and drop 1 floor!
   257 | D:1      | Reached XP level 3. HP: 29/29 MP: 6/6
   678 | D:2      | Reached XP level 4. HP: 37/37 MP: 7/7
   682 | D:2      | Found a faded altar of an unknown god.
   951 | D:3      | Reached skill level 4 in Dodging
   952 | D:3      | Found a shimmering blue altar of Sif Muna.
  1406 | D:4      | Noticed an ogre
  1412 | D:4      | Annihilated by an ogre

Illustrated notes

Levels and vault maps discovered:
D:1:      minmay_arrival_checkered_box, layout_loops_ring,
          minmay_rat_gold_closets
D:2:      layout_rooms, serial_corexii_hall, corexii_hall_statues_deadend,
          corexii_hall_statues_i, shapermc_ecumenical_altar_starsandcircs,
          minmay_pentomino_t2
D:3:      layout_loops_ring, lemuel_round_altar, kennysheep_path_1
D:4:      minmay_chambers_of_twos, layout_loops_corners, uniq_ijyb

Skill      XL: |  1  2  3  4 |
---------------+-------------+-----
Dodging        | 3 4 |  4.1
Fighting       | 2 3 |  3.1
Ranged Weapons | |  2.1
Spellcasting   | |  1.3
Hexes          | |  3.6

Action                     |  1- 3 |  4- 6 || total
---------------------------+-------+-------++-------
   Fire: Sling             |    88 |    54 ||   142
   Cast: Slow              |       |     2 ||     2
    Use: Scroll            |       |     3 ||     3
 Armour: Robe              |    15 |     9 ||    24
  Dodge: Dodged            |    33 |    24 ||    57
